 Dungeon Crawl Stone Soup version 0.30-a0-6-g7c9e10e132 (webtiles) character file.

Game seed: 17086805982280600304

6 SensoryNuts the Shield-Bearer (level 1, 0/22 HPs)
             Began as a Troll Fighter on Aug 22, 2022.
             Slain by a goblin
             ... wielding a +0 club
              (4 damage)
             ... on level 1 of the Dungeon.
             The game lasted 00:00:10 (79 turns).

SensoryNuts the Shield-Bearer (Troll Fighter)         Turns: 79, Time: 00:00:11

Health: 0/22       AC:  4    Str: 23    XL:     1   Next: 75%
Magic:  0/0        EV:  8    Int:  4    God:
Gold:   18         SH:  7    Dex:  9    Spells: 0/0 levels left

rFire   . . .      SeeInvis .    a - +0 flail
rCold   . . .      Faith    .    c - +0 kite shield
rNeg    . . .      Spirit   .    b - +0 robe
rPois   .          Reflect  .    (helmet restricted)
rElec   .          Harm     .    (no cloak)
rCorr   .          Rampage  .    (gloves unavailable)
Will    .....                    (boots unavailable)
Stlth   +.........               (no amulet)
HPRegen 0.87/turn                (no ring)
MPRegen 0.07/turn                (no ring)

@: no status effects
A: large, unfitting armour, claws 3, regeneration 1, shaggy fur 1, tough skin 1
a: no special abilities


You were on level 1 of the Dungeon.
You visited 1 branch of the dungeon, and saw 1 of its levels.

You collected 18 gold pieces.

Inventory:

Hand Weapons
 a - a +0 flail (weapon)
Armour
 b - a +0 robe (worn)
 c - a +0 kite shield (worn)
Scrolls
 f - a scroll of teleportation {unknown}
 g - a scroll of vulnerability {unknown}
Potions
 d - a potion of might
 e - 3 potions of degeneration {unknown}


   Skills:
 + Level 2.5 Fighting
 + Level 1.8 Maces & Flails
 + Level 2.5 Dodging
 + Level 2.8 Shields


You couldn't memorise any spells.
You didn't know any spells.
Your spell library was empty.

Dungeon Overview and Level Annotations

Branches:
Dungeon (1/15)

Altars:


Innate Abilities, Weirdness & Mutations

You are too large for most types of armour.
You have claws for hands.
Your natural rate of healing is unusually fast.
You are covered in fur. (AC +1)
You have tough skin. (AC +1)


Message History

You hit the goblin but do no damage. The goblin hits you with a +0 club. x2
You sock the goblin!
You kill the goblin!
The bat hits you but does no damage. The goblin hits you with a +0 club. x2
You closely miss the goblin. The bat closely misses you.
You block the bat's attack. You block the goblin's attack.
The goblin hits you with a +0 club. The bat hits you but does no damage.
You hit the goblin.
The goblin is severely wounded.
The bat hits you but does no damage. x2; The bat closely misses you.
The goblin hits you but does no damage. x2
The goblin hits you with a +0 dagger. The goblin barely misses you.
You hit the goblin.
The goblin is severely wounded.
You block the bat's attack. The bat hits you but does no damage.
The goblin hits you but does no damage. The goblin hits you with a +0 club.
You are too injured to fight recklessly!
You are too injured to fight recklessly!
You are too injured to fight recklessly!
You are too injured to fight recklessly!
You are too injured to fight recklessly!
You are too injured to fight recklessly!
There are monsters nearby!
There are monsters nearby!
Unknown command.
You are too injured to fight recklessly!
You hit the goblin but do no damage. The bat hits you but does no damage.
The goblin hits you with a +0 dagger. The goblin hits you with a +0 club.
* * * LOW HITPOINT WARNING * * *
The bat barely misses you.
You barely miss the goblin. The bat hits you.
* * * LOW HITPOINT WARNING * * *
The bat closely misses you. The bat hits you but does no damage.
You block the goblin's attack. The goblin hits you with a +0 dagger.
* * * LOW HITPOINT WARNING * * *
You block the goblin's attack. The goblin hits you but does no damage.
The bat closely misses you. The goblin attacks as you move away!
The goblin hits you but does no damage. The goblin attacks as you move away!
The goblin hits you with a +0 club.
You die...

..~.~.##....#.#.......
~~~.~.##..............
....~.##....#.#.....>.
~...~.......#.#.....
~...~.......#.#...
....~.....#.#.#.#######.
....~...................
~~~~~.....#...#.###.....
......###.#.....@b......
.... #.......gg#.....
... #........... ...
#............. .
................=
#................
................
.####..###.....


You could see 2 goblins and a bat.

Vanquished Creatures
  2 endoplasms (D:1)
  2 goblins (D:1)
  2 rats (D:1)
6 creatures vanquished.

Notes
Turn   | Place    | Note
-------+----------+-------------------------------------------
     0 | D:1      | SensoryNuts the Troll Fighter began the quest for the Orb.
     0 | D:1      | Reached XP level 1. HP: 22/22 MP: 0/0
    79 | D:1      | Slain by a goblin

Illustrated notes

Levels and vault maps discovered:
D:1:      ebering_trefoil_twist, layout_rooms, ebering_ecumenical_altar_box

Action                   || total
-------------------------++-------
Melee: Flail             ||    22
Armor: Robe              ||    18
Dodge: Dodged            ||    14
Block: Kite shield       ||     9

Table legend: (Time is in decaauts)
 A = Elapsed time spent in this place.
 B = Non-inter-level travel time spent in this place.
 C = Inter-level travel time spent in this place.
 D = Time resting spent in this place.
 E = Time spent auto-exploring this place.
 F = Levels seen in this place.
 G = Mean time per level.
                   A        B        C        D        E       F      G
               +--------+--------+--------+--------+--------+-----+--------+
         Total |     89 |     89 |      0 |      0 |     36 |   1 |   89.0 |
       Dungeon |     89 |     89 |      0 |      0 |     36 |   1 |   89.0 |
               +--------+--------+--------+--------+--------+-----+--------+

Top non-repeatable levels by time:
     D:1: 89 daAuts
